 Dungeon Crawl Stone Soup version 0.23-a0-389-g4a5eb334b0 (webtiles) character file.

1320 Flugkiller the Magician (level 8, -5/64 HPs)
             Began as a Mummy Wanderer on Oct 30, 2018.
             Slain by an orc
             ... wielding a +0 trident
              (7 damage)
             ... on level 6 of the Dungeon.
             The game lasted 00:16:05 (6798 turns).

Flugkiller the Magician (Mummy Wanderer)            Turns: 6798, Time: 00:16:05

Health: -5/64      AC: 13    Str: 23    XL:     8   Next: 33%
Magic:  10/17      EV:  9    Int:  9    God:
Gold:   245        SH:  4    Dex: 11    Spells: 17/20 levels left

rFire    x . .     SeeInvis .   u - +2 dagger (venom)
rCold    + . .     Gourm    .   (no shield)
rNeg     + + +     Faith    .   g - +0 scale mail
rPois    ∞         Spirit   .   l - +2 helmet
rElec    .         Reflect  +   s - +2 cloak
rCorr    .         Harm     .   (no gloves)
MR       +....                  (no boots)
Stlth    ..........             m - +4 amulet of reflection
HPRegen  0.20/turn              d - ring of wizardry
MPRegen  0.15/turn              e - +3 ring of strength

@: very slightly contaminated
A: no food or potions, fire vulnerability, cold resistance 1, negative energy
resistance 3, torment resistance, unbreathing
a: no special abilities


You were on level 6 of the Dungeon.
You were not hungry.

You visited 1 branch of the dungeon, and saw 6 of its levels.

You collected 245 gold pieces.

Inventory:

Hand Weapons
 j - a +0 hunting sling
   (You took it off a goblin on level 2 of the Dungeon)
 q - a +2 trident of piercing
   (You took it off an orc on level 4 of the Dungeon)
 t - a +4 quarterstaff of chaos
   (You took it off Crazy Yiuf on level 4 of the Dungeon)
 u - a +2 dagger of venom (weapon)
   (You took it off an orc wizard on level 5 of the Dungeon)
Missiles
 i - 94 sling bullets
 k - 110 stones (quivered)
Armour
 c - a +0 robe
 g - a +0 scale mail (worn)
   (You found it on level 1 of the Dungeon)
 l - a +2 helmet (worn)
   (You took it off Robin on level 2 of the Dungeon)
 s - a +2 cloak (worn)
   (You took it off Crazy Yiuf on level 4 of the Dungeon)
Jewellery
 d - a ring of wizardry (left hand)
   (You took it off a centaur on level 4 of the Dungeon)
 e - a +3 ring of strength (right hand)
   (You found it on level 1 of the Dungeon)
 f - an uncursed ring of resist corrosion
   (You took it off a hobgoblin on level 1 of the Dungeon)
 m - a +4 amulet of reflection (around neck)
   (You found it on level 4 of the Dungeon)
 r - an uncursed ring of protection from fire {unknown}
   (You found it on level 4 of the Dungeon)
Scrolls
 h - 2 scrolls of magic mapping
 n - 2 scrolls of remove curse
 o - a scroll of fog


   Skills:
 - Level 6.0 Fighting
 - Level 1.0 Throwing
 + Level 4.0 Armour
 - Level 1.0 Stealth
 - Level 5.0 Unarmed Combat
 - Level 6.6 Spellcasting
 - Level 1.0 Conjurations
   Level 1.5 Fire Magic


You had 17 spell levels left.
You knew the following spells:

 Your Spells              Type           Power        Failure   Level  Hunger
a - Magic Dart            Conj           #...         14%         1    N/A
b - Call Imp              Summ           #.......     30%         2    N/A

Your spell library contained the following spells:

 Spells                   Type           Power        Failure   Level  Hunger
 Blink                    Tloc           N/A          30%         2    N/A
 Slow                     Hex            #.......     30%         2    N/A
 Conjure Flame            Conj/Fire      #.......     32%         3    N/A
 Mephitic Cloud           Conj/Pois/Air  #.......     45%         3    N/A

Dungeon Overview and Level Annotations

Branches:
Dungeon (6/15)
 Temple: D:4-7

Altars:
Cheibriados
Trog
The Shining One

Shops:
D:4 =

Annotations:
D:1 exclusion: downstairs
D:2 Sigmund


Innate Abilities, Weirdness & Mutations

You do not eat or drink.
Your flesh is vulnerable to fire.
You are immune to poison.
Your flesh is cold resistant. (rC+)
You are immune to negative energy. (rN+++)
You are immune to unholy pain and torment.
You can survive without breathing.


Message History

You completely miss the bullfrog.
The bullfrog is severely wounded.
The orc wizard is no longer moving quickly.
The bullfrog barely misses you. The ice beast hits your shadow imp.
The ice beast freezes your shadow imp.
Your shadow imp resists.
Your shadow imp dies!
The bullfrog hits you.
* * * LOW HITPOINT WARNING * * *
Casting: Call Imp (safe; 30% risk of failure)
Confirm with . or Enter, or press ? or * to list all spells.
A beastly little devil appears in a puff of flame.
The bullfrog hits you but does no damage.
The ice beast hits your crimson imp.
The ice beast freezes your crimson imp!!
Your crimson imp is frozen!
Your crimson imp dies!
The orc wizard gestures wildly while chanting.
The orc wizard blinks!
Unknown command.
You hit the bullfrog.
The bullfrog looks as sick as possible!
The bullfrog is almost dead.
You kill the bullfrog!
Your Armour skill increases to level 4!
The orc barely misses you.
The orc wizard mumbles some strange words.
The orc wizard flickers and vanishes!
Deactivating autopickup; reactivate with Ctrl-A.
Things that are here:
a +0 dagger; a +0 leather armour; an orc corpse Unknown command.
You hit the orc.
The orc is lightly wounded.
The ice beast hits you.
* * * LOW HITPOINT WARNING * * *
The ice beast freezes you. You resist.
* * * LOW HITPOINT WARNING * * *
You block the orc's attack.
You hit the orc but do no damage.
The orc is poisoned.
You punch the orc.
The orc is almost dead.
The ice beast completely misses you. The orc closely misses you. x2
Unknown command.
You hit the orc.
You kill the orc!
The ice beast barely misses you. The orc closely misses you.
Unknown command.
You hit the orc but do no damage.
The orc is poisoned.
The ice beast barely misses you. The orc barely misses you.
The orc hits you from afar with a +0 trident!
You die...

#.# #.# #Y# #.# #.# #{#
#.# #o# #.# #.######
#.# #o#....#########
#.# #.o...)........#
#.######.....(......###
#..o{Y@os...>..........
########o.......<......
#....###########
##.#... #.#.### #.#.#


You could see an ice beast, a scorpion, an orc wizard and 2 orcs.

Vanquished Creatures
  Grinder (D:4)
  Edmund (D:4)
  A sky beast (D:4)
  An ice beast (D:5)
  A black bear (D:6)
  A centaur (D:4)
  A bullfrog (D:6)
  A scorpion (D:5)
  A howler monkey (D:4)
  A bullfrog zombie (D:5)
  2 orc priests
  5 orc wizards
  Crazy Yiuf (D:4)
  Jessica (D:2)
  Robin (D:2)
  4 adders
  An ooze (D:2)
  An adder skeleton (D:4)
  2 worms
  A dart slug (D:3)
  4 leopard geckos
  35 orcs
  5 giant cockroaches
  16 goblins
  11 hobgoblins
  8 jackals
  11 kobolds
  2 quokkas
  7 bats
  6 frilled lizards
  A leopard gecko skeleton (D:4)
  8 rats
143 creatures vanquished.

Vanquished Creatures (collateral kills)
  An orc (D:6)
1 creature vanquished.

Grand Total: 144 creatures vanquished

Notes
Turn   | Place    | Note
-------+----------+-------------------------------------------
     0 | D:1      | Flugkiller the Mummy Wanderer began the quest for the Orb.
     0 | D:1      | Flugkiller set off with the following items: a scroll of
                  | teleportation, a +0 robe, a +0 club; and the following
                  | spell memorised: Magic Dart; and the following spells
                  | available to memorise: Blink, Call Imp, Slow, Conjure
                  | Flame, Mephitic Cloud
     0 | D:1      | Reached XP level 1. HP: 13/13 MP: 8/8
   271 | D:1      | Reached skill level 1 in Fighting
   273 | D:1      | Reached XP level 2. HP: 3/21 MP: 1/9
   747 | D:1      | Reached skill level 1 in Unarmed Combat
  1190 | D:1      | Learned a level 2 spell: Call Imp
  1416 | D:1      | Reached XP level 3. HP: 26/27 MP: 11/11
  1599 | D:2      | Noticed Robin
  1700 | D:2      | Noticed Sigmund
  2356 | D:2      | Killed Robin
  2786 | D:1      | Reached XP level 4. HP: 25/34 MP: 12/12
  3049 | D:2      | Found a glowing golden altar of the Shining One.
  3139 | D:2      | Noticed Jessica
  3169 | D:2      | Killed Jessica
  3279 | D:2      | Reached XP level 5. HP: 33/41 MP: 14/14
  3410 | D:2      | Found a snail-covered altar of Cheibriados.
  4533 | D:4      | Noticed a centaur
  5182 | D:4      | Reached XP level 6. HP: 48/48 MP: 15/15
  5214 | D:4      | Found a bloodstained altar of Trog.
  5388 | D:4      | Found Dufet's Jewellery Boutique.
  5688 | D:4      | Found a runed door.
  5710 | D:4      | Noticed Grinder
  5730 | D:4      | Paralysed by Grinder for 7 turns
  5742 | D:4      | Paralysed by Grinder for 6 turns
  5890 | D:4      | Paralysed by Grinder for 7 turns
  5923 | D:4      | Killed Grinder
  5923 | D:4      | Reached skill level 5 in Fighting
  5923 | D:4      | Reached XP level 7. HP: 44/56 MP: 16/16
  6039 | D:4      | Noticed Edmund
  6132 | D:4      | Killed Edmund
  6307 | D:4      | Noticed Crazy Yiuf
  6311 | D:4      | Killed Crazy Yiuf
  6347 | D:5      | Entered Level 5 of the Dungeon
  6384 | D:4      | Reached skill level 5 in Unarmed Combat
  6465 | D:5      | Reached skill level 1 in Armour
  6493 | D:5      | Found a bloodstained altar of Trog.
  6548 | D:5      | Reached XP level 8. HP: 43/64 MP: 17/17
  6795 | D:6      | HP: 2/64 [ice beast (5)]
  6798 | D:6      | Slain by an orc

Vault maps used:
D:1:      sevenhm_arrival_forest_fort_large_4
D:2:      nicolae_overflow_hidden_temple, lemuel_crystal_altar, uniq_robin,
          uniq_sigmund, uniq_jessica
D:4:      serial_shops, nicolae_shop_window_shopping, trog_butcher_becter,
          uniq_grinder, uniq_edmund, uniq_crazy_yiuf_cottage
D:5:      lemuel_doored_altar, doesnt_xom_only_xom, first_ration
D:6:      minitemple, kennysheep_mini, lemuel_round_altar,
          chequers_serial_rivers_small_3, hex_tiny

Skill      XL: |  1  2  3  4  5  6  7  8 |
---------------+-------------------------+-----
Fighting       | 1 2 3 4 5 6 |  6.0
Unarmed Combat | 1 2 3 4 5 |  5.0
Armour         | 2 4 |  4.0
Throwing       | |  1.0
Stealth        | |  1.0
Spellcasting   | |  6.6
Conjurations   | |  1.0
Fire Magic     | |  1.5

Action                   |  1- 3 |  4- 6 |  7- 9 || total
-------------------------+-------+-------+-------++-------
Melee: Dagger            |   163 |    48 |    36 ||   247
       Unarmed           |     5 |       |       ||     5
       Flail             |    20 |       |       ||    20
       Whip              |       |   157 |       ||   157
       Trident           |       |    51 |    89 ||   140
       Punch             |       |     3 |     3 ||     6
 Cast: Magic Dart        |    27 |       |       ||    27
       Call Imp          |       |       |     3 ||     3
  Use: Scroll            |       |     8 |     3 ||    11
 Stab: Sleeping          |     1 |       |       ||     1
Armor: Robe              |     4 |       |       ||     4
       Scale mail        |    67 |   117 |   105 ||   289
Dodge: Dodged            |    91 |   112 |    86 ||   289
Block: Other             |       |     6 |    27 ||    33

Table legend:
 A = Non-vault XP
 B = Vault XP
 C = Vault XP percentage of total XP
 D = Non-vault monster count
 E = Vault monster count
 F = Vault count percentage of total count
                 A         B        C        D         E       F
            +---------+---------+-------+---------+---------+-------
      Total |    1330 |     556 |  29.5 |     123 |      21 |  14.6
            +---------+---------+-------+---------+---------+-------
        D:1 |      93 |       2 |   2.1 |      31 |       1 |   3.1
        D:2 |      69 |      70 |  50.4 |      24 |      13 |  35.1
        D:3 |     149 |       0 |   0.0 |      26 |       0 |   0.0
        D:4 |     384 |     484 |  55.8 |      20 |       7 |  25.9
        D:5 |     361 |       0 |   0.0 |      15 |       0 |   0.0
        D:6 |     274 |       0 |   0.0 |       7 |       0 |   0.0
            +---------+---------+-------+---------+---------+-------
